 Dungeon Crawl Stone Soup version 0.32-a0-540-g866d13106e (webtiles) character file.

Game seed: 1344137154729475785

80160 Aneyh the Slayer (level 15, -1/92 HPs)
             Began as a Tengu Monk on Feb 28, 2024.
             Was a High Priest of Hepliaklqana.
             Killed by angry trees
             ... awakened by a spriggan druid
              (8 damage)
             ... on level 2 of the Lair of Beasts on Feb 29, 2024.
             The game lasted 01:11:36 (27918 turns).

Aneyh the Slayer (Tengu Monk)                      Turns: 27918, Time: 01:11:36

Health: -1/92      AC: 20    Str: 22      XL:     15   Next: 66%
Magic:  6/16       EV: 16    Int: 18 (19) God:    Hepliaklqana [*****.]
Gold:   1529       SH:  9    Dex: 15 (16) Spells: 1/14 levels left

rFire   + . .        a - +8 spear of Duso {flame, Will+++ Stlth-}
rCold   + + .        (no shield)
rNeg    . . .        f - +10 scale mail "Ipath" {Will+ Int+5}
rPois   +            r - +2 hat {Int+3}
rElec   +            G - scarf of Warofom {repulsion, rC+ Str+3}
rCorr   +            R - +0 pair of gloves
SInv    +            (boots unavailable)
Will    +++++        z - amulet of reflection Stlth
                     V - ring "Ontiunto" {Slay+4 SInv}
HPRegen 0.35/turn    F - ring of wizardry
MPRegen 0.15/turn

%: repel missiles, reflection, acrobat, wizardry (x1)
@: about to teleport, resistant, flying, very slightly contaminated
A: reduced essence, beak, talons 3, evasive flight, acrobatic, large bone plates
1, deterioration 1, frail 1
a: Renounce Religion, Recall Ancestor, Ancestor Identity, Transference, Idealise


You were on level 2 of the Lair of Beasts.
You worshipped Hepliaklqana.
Hepliaklqana was extremely pleased with you.
You visited 5 branches of the dungeon, and saw 23 of its levels.
You also visited: Volcano.

You collected 1529 gold pieces.

Inventory:

Hand Weapons
 a - the +8 spear of Duso (weapon) {flame, Will+++ Stlth-}
   (You found it on level 4 of the Dungeon)

   Will+++:   It greatly increases your willpower.
   Stlth-:    It makes you less stealthy.
 b - a +4 shortbow of flaming
 n - a +0 glaive
 v - a +0 great sword of flaming
 N - a +2 scimitar of flaming
Missiles
 T - a throwing net
Armour
 f - the +10 scale mail "Ipath" (worn) {Will+ Int+5}
   (You found it on level 1 of the Lair of Beasts)

   Int+5:     It affects your intelligence (+5).
   Will+:     It increases your willpower.
 r - a +2 hat of intelligence (worn)
 u - a +2 plate armour of fire resistance
 G - the scarf of Warofom (worn) {repulsion, rC+ Str+3}
   (You acquired it on level 13 of the Dungeon)

   Str+3:     It affects your strength (+3).
   rC+:       It protects you from cold.
 R - a +0 pair of gloves (worn)
Jewellery
 d - a +4 ring of protection
 w - a +6 ring of dexterity
 z - an amulet of reflection (around neck)
 E - a ring of magical power
 F - a ring of wizardry (right hand)
 H - a +6 ring of dexterity
 L - a ring of positive energy
 V - the ring "Ontiunto" (left hand) {Slay+4 SInv}
   (You found it on level 5 of the Lair of Beasts)

   [ring of slaying]

   Slay+4:    It affects your accuracy & damage with ranged weapons and melee
   (+4).
   SInv:      It lets you see invisible.
 W - a +6 ring of intelligence
Wands
 c - a wand of polymorph (8)
 p - a wand of mindburst (34)
 B - a wand of warping (49)
 M - a wand of flame (84)
 O - a wand of charming (31)
 P - a wand of digging (9)
 X - a wand of light (7)
Scrolls
 h - 4 scrolls of teleportation
 i - 2 scrolls of poison {unknown}
 j - a scroll of silence
 k - 2 scrolls of revelation {unknown}
 m - a scroll of torment {unknown}
 o - a scroll of fear
 x - 2 scrolls of identify
 A - 3 scrolls of fog
 C - 4 scrolls of vulnerability {unknown}
 D - 3 scrolls of enchant weapon
 J - a scroll of amnesia {unknown}
 K - 2 scrolls of butterflies {unknown}
 S - a scroll of blinking {unknown}
Potions
 e - a potion of enlightenment
 g - 2 potions of magic
 l - 9 potions of brilliance
 q - 3 potions of resistance
 s - 8 potions of curing
 t - 3 potions of haste
 I - a potion of berserk rage {unknown}
 Q - a potion of cancellation {unknown}
 U - 6 potions of invisibility {unknown}
 Y - 3 potions of lignification {unknown}
 Z - a potion of might {unknown}
Miscellaneous
 y - a phial of floods


   Skills:
 - Level 21.0 Fighting
 - Level 12.0 Polearms
 - Level 4.0 Armour
 - Level 6.0 Dodging
 + Level 15.0 Summonings


You had one spell level left.
You knew the following spells:

 Your Spells              Type           Power      Damage    Failure   Level
a - Call Imp              Summ           100%       N/A       1%          2
b - Martyr's Knell        Necr/Summ      27%        N/A       11%         4
c - Summon Hydra          Summ           26%        N/A       36%         7

Your spell library contained the following spells:

 Spells                   Type           Power      Damage    Failure   Level
 Apportation              Tloc           0%         N/A       22%         1
 Freeze                   Ice            0%         1d3       22%         1
 Magic Dart               Conj           0%         1d3       22%         1
 Necrotise                Necr           0%         1d4       22%         1
 Summon Forest            Summ/Tloc      13%        N/A       26%         5
 Blink                    Tloc           0%         N/A       32%         2
 Cigotuvi's Dreadful Rot  Necr/Alch/Air  0%         N/A       32%         2
 Jinxbite                 Hex            0%         N/A       32%         2
 Lesser Beckoning         Tloc           0%         N/A       32%         2
 Sublimation of Blood     Necr           0%         N/A       32%         2
 Frozen Ramparts          Ice            0%         1d1       52%         3
 Gell's Gravitas          Tloc           0%         N/A       52%         3
 Hailstorm                Conj/Ice       0%         3d5       52%         3
 Teleport Other           Tloc           0%         N/A       52%         3
 Vampiric Draining        Necr           0%         2d6       52%         3
 Ignite Poison            Fire/Alch      0%         N/A       89%         4
 Petrify                  Alch/Erth      0%         N/A       89%         4
 Alistair's Intoxication  Alch           0%         N/A       99%         5
 Curse of Agony           Necr           0%         N/A       99%         5
 Freezing Cloud           Conj/Ice/Air   0%         6-21      99%         5
 Irradiate                Conj/Alch      0%         3d11      99%         5
 Eringya's Noxious Bog    Alch           0%         4d6       100%        6
 Death's Door             Necr           0%         N/A       100%        9


Dungeon Overview and Level Annotations

Branches:
Dungeon (15/15)            Temple (1/1) D:5            Lair (5/5) D:8
  Swamp (1/4) Lair:2        Snake (0/4) Lair:3        Slime (1/5) Lair:4
    Orc (0/2) D:9          Depths (0/4) D:15        Volcano (visited)
 Vaults: D:13-14

Altars:
Ashenzari
Cheibriados
Dithmenos
Elyvilon
Fedhas
Gozag
Hepliaklqana
Kikubaaqudgha
Makhleb
Nemelex Xobeh
Okawaru
Qazlal
Ru
Sif Muna
Trog
Uskayaw
Vehumet
Wu Jian
Xom
Yredelemnul
Zin
The Shining One
Beogh
Jiyva

Shops:
D:2 [

Portals:
Trove: D:11 (give 3 scrolls of blinking)

Annotations:
D:2 Sigmund
D:7 Jeremiah
D:15 exclusions: obsidian statue and orange crystal statue


Innate Abilities, Weirdness & Mutations

Your life essence is reduced to manifest your ancestor. (-10% HP)
You have a beak for a mouth.
You have claws for feet.
Your magical flight helps you evade attacks. (EV +4)
You can magically evade attacks while moving or waiting.
You are partially covered in large bone plates. (SH +4)
Your body sometimes deteriorates upon taking damage.
You are frail. (-10% HP)


Message History

The spriggan druid hits you but does no damage.
The nameless horror hits you but does no damage.
You fly upwards.
Welcome back to the Lair of Beasts!
The forest abruptly stops moving.
There is a staircase to the Swamp, spattered with blood here.
Unknown command.
As you read the scroll of teleportation, it crumbles to dust.
You feel strangely unstable. Tree limbs sway around you.
A root smacks you from below!
Your body deteriorates!
You feel dopey. The thorn hunter closely misses you.
The thorn hunter hits you but does no damage.
The spriggan druid closely misses you.
Ropy barely misses the nameless horror.
Ropy hits the plant with a +0 broad axe of flaming.
The plant begins to die.
Ropy burns the plant.
The thorn hunter hits you! You block the thorn hunter's attack.
The nameless horror barely misses you.
Unknown command.
Okay, then.
As you read the scroll of fear, it crumbles to dust.
You assume a fearsome visage.
The thorn hunter is unaffected.
The spriggan druid easily resists.
The nameless horror is unaffected.
You are hit by a branch!
The spriggan druid hits you but does no damage.
The thorn hunter hits you!!
* * * LOW HITPOINT WARNING * * *
You block the thorn hunter's attack. The nameless horror closely misses you.
You hit the thorn hunter. You burn the thorn hunter. You claw the thorn hunter!
The thorn hunter is severely damaged.
Tree limbs sway around you. A root smacks you from below!
* * * LOW HITPOINT WARNING * * *
Ropy hits the nameless horror with a +0 broad axe of flaming.
Ropy burns the nameless horror.
Ropy hits the plant with a +0 broad axe of flaming!
Ropy burns the plant.
You feel protected. A root smacks you from below!
You die...
Hepliaklqana delivers you to your ancestors.

...###
###..........♣....###....
.....#
#...........♣♣♣.#.#P....
.....##
##......♣♣♣♣~~♣...#.....
......##
#......♣♣♣~~~~♣♣........
.......#
###...♣♣♣P§~~♣....#.....
.......##
#..♣♣♣§~§~P♣...##.....
........#
#..♣♣♣§RP÷♣♣...###....
........#
#..♣♣fX§§♣♣♣..#.##....
.#.....##
#..♣♣@i♣♣♣♣....###....
#.#.##.# ##..♣♣♣♣♣ ##..##
####. ########
#...♣♣♣♣♣♣♣##.P# #P
###.........##.## ## ##
### #..........##..# .#
##.#####.....##..##.##
.###.#...##......###...#
.........†............##
#####........#........##


You could see the friendly Ropy the knight, a thorn hunter (ally target), a
nameless horror and a spriggan druid.

Vanquished Creatures
  A red draconian (Volcano)
  A fire dragon (Lair:5)
  A rakshasa (D:15)
  4 hydras
  2 catoblepae
  5 two-headed ogres
  A boulder beetle (D:11)
  3 centaur warriors
  7 death yaks
  3 occultists (D:15)
  3 skeletal warriors (D:15)
  2 skysharks
  Sonja (Lair:5)
  A deep troll (D:13)
  A swamp dragon (Lair:2)
  A lindwurm (Lair:5)
  A necromancer (D:15)
  7 ugly things
  A manticore (D:11)
  3 cyclopes
  3 meliai (D:14)
  6 black mambas
  2 molten gargoyles
  3 elephants
  A centaur skeleton (D:15)
  12 cane toads
  An efreet (D:14)
  10 komodo dragons
  4 rime drakes
  An unseen horror (D:7)
  A tengu conjurer (D:15)
  A freezing wraith (D:14)
  A wind drake (shapeshifter) (D:13)
  8 trolls
  A hornet (Lair:2)
  8 blink frogs (Lair:3)
  3 dream sheep (Lair:5)
  7 slime creatures
  A meliai zombie (D:15)
  31 yaks
  A shadow (D:13)
  7 wyverns
  5 basilisks
  A human (D:14)
  2 fire bats (Volcano)
  5 wraiths
  2 humans (shapeshifter) (D:13)
  3 steam dragons
  Menkaure (D:7)
  11 vampire mosquitoes
  An acid dragon (D:10)
  A naga (Lair:3)
  2 swamp worms (D:9)
  4 hell hounds
  8 water moccasins
  2 black bears
  3 orc warriors (D:9)
  2 hornet zombies
  An ogre (D:5)
  9 wolves (Lair:4)
  5 boggarts (D:14)
  8 centaurs
  3 phantoms
  2 kobold brigands
  13 bullfrogs
  5 wights (D:9)
  8 nameless horrors
  2 centaur zombies (D:7)
  A crimson imp (D:6)
  2 howler monkeys (D:13)
  9 lava snakes
  11 orc priests
  3 bombardier beetles
  A hound (D:5)
  15 jellies
  A gnoll bouda (D:6)
  4 sleepcaps
  Ijyb (D:3)
  Terence (D:2)
  7 orc wizards
  Natasha (D:2)
  3 killer bee zombies (D:7)
  Robin (D:3)
  2 howler monkey zombies (D:7)
  7 gnolls
  9 adders
  2 dart slugs
  A ribbon worm (D:2)
  27 orcs
  13 endoplasms
  3 giant cockroaches
  11 goblins
  8 hobgoblins
  3 jackals (D:1)
  2 quokkas (D:2)
  9 ball pythons
  4 bats
  4 frilled lizards
  17 kobolds
  2 rats
456 creatures vanquished.

Vanquished Creatures (collateral kills)
  Gastronok (Lair:1)
  A quicksilver ooze (Slime:1)
  A nameless horror (Lair:5)
  The ghost of Lionuul the Grappler, a journeyman TrSh of Wu Jian (Lair:1)
  A catoblepas (Lair:3)
  A centaur warrior (D:15)
  3 hydras
  A death knight (D:15)
  4 death yaks (Lair:5)
  An ugly thing (D:14)
  A cyclops (D:14)
  A manticore (D:12)
  3 elephants (Lair:5)
  A centaur zombie (D:15)
  2 molten gargoyles
  2 black mambas
  2 cane toads
  An unseen horror (D:10)
  3 komodo dragons
  3 rime drakes
  A polar bear (Lair:5)
  2 blink frogs (Lair:3)
  4 dream sheep (Lair:5)
  A shadow (D:11)
  4 wyverns
  8 yaks
  A human (shapeshifter) (D:14)
  A steam dragon (Lair:5)
  2 nagas (Lair:3)
  A vampire mosquito (D:12)
  A hell hound (Lair:5)
  3 water moccasins
  An orc warrior (D:9)
  A wolf (Lair:4)
  A centaur (Volcano)
  A kobold brigand (D:10)
  A bullfrog (Lair:2)
  A lava snake (Lair:5)
  A jelly (Lair:4)
  3 adders
  An orc (D:9)
  A kobold (D:10)
75 creatures vanquished.

Vanquished Creatures (others)
  9 knights
  An orc (D:8)
10 creatures vanquished.

Grand Total: 541 creatures vanquished

Notes
Turn   | Place    | Note
-------+----------+-------------------------------------------
     0 | D:1      | Aneyh the Tengu Monk began the quest for the Orb.
     0 | D:1      | Reached XP level 1. HP: 14/14 MP: 2/2
    31 | D:1      | Reached XP level 2. HP: 17/19 MP: 3/3
   504 | D:1      | Reached XP level 3. HP: 23/23 MP: 4/4
   790 | D:2      | Noticed Terence
   809 | D:2      | Killed Terence
   810 | D:2      | Reached skill level 4 in Fighting
   810 | D:2      | Reached XP level 4. HP: 29/29 MP: 5/5
   978 | D:2      | Found Siepav's Antique Armour Boutique.
  1388 | D:2      | Noticed Natasha
  1389 | D:2      | Found a faded altar of an unknown god.
  1394 | D:2      | Killed Natasha
  1604 | D:2      | Reached XP level 5. HP: 15/34 MP: 6/6
  1891 | D:2      | Noticed Sigmund
  2136 | D:3      | Reached skill level 5 in Dodging
  2327 | D:3      | Reached skill level 5 in Fighting
  2401 | D:3      | Noticed Robin
  2412 | D:3      | Killed Robin
  2641 | D:3      | Reached XP level 6. HP: 40/40 MP: 7/7
  2712 | D:3      | Found an ancient bone altar of Kikubaaqudgha.
  2876 | D:3      | Noticed Ijyb
  2892 | D:3      | Killed Ijyb
  2975 | D:4      | Identified the +8 spear of Duso {flame, Will+++ Stlth-}
  3208 | D:4      | Found a blossoming altar of Fedhas.
  3421 | D:4      | Reached skill level 6 in Fighting
  3482 | D:4      | Found a shimmering blue altar of Sif Muna.
  3488 | D:4      | Found a radiant altar of Vehumet.
  3753 | D:5      | Entered Level 5 of the Dungeon
  3772 | D:5      | Reached skill level 1 in Armour
  3790 | D:5      | Noticed a +0 hand axe
  3790 | D:5      | Noticed a +0 dagger
  3869 | D:5      | Gained mutation: Your magical flight helps you evade
                  | attacks. (EV +4) [Tengu growth]
  3869 | D:5      | Reached XP level 7. HP: 45/46 MP: 8/8
  4156 | D:5      | Found a hide-covered altar of Uskayaw.
  4182 | D:5      | Found a staircase to the Ecumenical Temple.
  4192 | Temple   | Entered the Ecumenical Temple
  4452 | D:5      | Found a stormy altar of Qazlal.
  4469 | D:5      | Reached skill level 5 in Polearms
  4563 | D:6      | Reached XP level 8. HP: 52/52 MP: 9/9
  5024 | D:6      | Reached skill level 7 in Fighting
  5052 | D:6      | Found a burning altar of Makhleb.
  5053 | D:6      | Found a shimmering altar of Xom.
  5112 | D:6      | Learned a level 2 spell: Call Imp
  5234 | D:7      | Noticed Menkaure
  5240 | D:7      | Killed Menkaure
  5288 | D:7      | Noticed an unseen horror
  5294 | D:7      | Killed an unseen horror
  5295 | D:7      | Reached skill level 1 in Summonings
  5295 | D:7      | Reached XP level 9. HP: 30/57 MP: 10/10
  5583 | D:7      | Found a basalt altar of Yredelemnul.
  5725 | D:7      | Noticed Jeremiah
  6558 | D:8      | Reached skill level 10 in Polearms
  6770 | D:8      | Found a staircase to the Lair.
  6871 | D:9      | Got Gnosis of the Lorekeeper
  6976 | D:9      | Noticed a cyclops
  6986 | D:9      | Killed a cyclops
  6987 | D:9      | Reached XP level 10. HP: 52/64 MP: 11/11
  7047 | D:9      | Found a staircase to the Orcish Mines.
  7075 | D:9      | Reached skill level 8 in Fighting
  7216 | D:9      | Noticed a two-headed ogre
  7227 | D:9      | Killed a two-headed ogre
  7322 | D:9      | Found a hazy altar of Hepliaklqana.
  7331 | D:9      | Reached skill level 5 in Summonings
  7355 | D:9      | Became a worshipper of Hepliaklqana the Forgotten
  7355 | D:9      | Reached * piety under Hepliaklqana
  7355 | D:9      | Reached ** piety under Hepliaklqana
  7356 | D:9      | Remembered your ancestor Ropy as a knight
  7423 | D:9      | Found a sparkling altar of Nemelex Xobeh.
  7426 | D:9      | Found a glowing silver altar of Zin.
  7492 | D:9      | Found a broken altar of Ashenzari.
  7878 | D:9      | Noticed a two-headed ogre
  7889 | D:9      | Killed a two-headed ogre
  7890 | D:9      | Reached skill level 9 in Fighting
  8384 | D:10     | Entered Level 10 of the Dungeon
  8384 | D:10     | Found a snail-covered altar of Cheibriados.
  8454 | D:10     | Found an iron altar of Okawaru.
  8627 | D:10     | Reached XP level 11. HP: 52/64 MP: 12/12
  8654 | D:10     | Reached skill level 10 in Fighting
  9135 | D:10     | Found a sacrificial altar of Ru.
  9365 | D:11     | Reached *** piety under Hepliaklqana
  9487 | D:11     | Found a portal to a secret trove of treasure.
  9546 | D:11     | Noticed a manticore
  9563 | D:11     | Killed a manticore
  9564 | D:11     | Reached skill level 11 in Fighting
  9615 | D:11     | Noticed a boulder beetle
  9668 | D:11     | Killed a boulder beetle
 10191 | D:11     | Found a roughly hewn altar of Beogh.
 10294 | D:12     | Noticed a two-headed ogre
 10301 | D:12     | Killed a two-headed ogre
 10302 | D:12     | Reached skill level 12 in Fighting
 10302 | D:12     | Reached skill level 10 in Summonings
 10311 | D:12     | Noticed a green ugly thing
 10320 | D:12     | Killed a green ugly thing
 10442 | D:12     | Noticed a two-headed ogre
 10451 | D:12     | Killed a two-headed ogre
 10452 | D:12     | Reached XP level 12. HP: 73/73 MP: 8/13
 10538 | D:12     | Reached **** piety under Hepliaklqana
 11171 | D:13     | Identified a scroll of acquirement
 11172 | D:13     | Acquired the scarf of Warofom {repulsion, rC+ Str+3}
 11298 | D:13     | Reached skill level 13 in Fighting
 11940 | D:13     | Noticed a two-headed ogre
 11947 | D:13     | Killed a two-headed ogre
 12300 | D:13     | Reached skill level 14 in Fighting
 13111 | D:14     | Learned a level 4 spell: Martyr's Knell
 13162 | D:14     | Reached skill level 15 in Fighting
 13735 | D:14     | Identified the +3 morningstar of Locus Delicti {vamp,
                  | ^Drain Str+6}
 13742 | D:14     | Noticed a centaur warrior
 13839 | D:14     | Found a glowing silver altar of Zin.
 13870 | D:14     | Noticed a six-headed hydra
 13877 | D:14     | Noticed a two-headed ogre
 13878 | D:14     | Noticed a centaur warrior
 14121 | D:14     | Identified the +2 chain mail of Etzijuowk {rPois MP+9 Int-5
                  | Dex+6}
 14298 | D:15     | Entered Level 15 of the Dungeon
 14298 | D:15     | Noticed a centaur warrior
 14306 | D:15     | Killed a centaur warrior
 14344 | D:15     | Noticed a death knight
 14363 | D:15     | Noticed a centaur warrior
 14516 | D:15     | Noticed an occultist
 14517 | D:15     | Noticed an occultist
 14522 | D:15     | Killed a death knight
 14523 | D:15     | Reached XP level 13. HP: 75/82 MP: 5/14
 14523 | D:15     | Gained mutation: Potions are less effective at restoring
                  | your health. [potion of mutation]
 14783 | D:15     | Reached skill level 16 in Fighting
 14853 | D:15     | Lost mutation: Potions are less effective at restoring your
                  | health. [potion of mutation]
 14853 | D:15     | Gained mutation: Armour fits poorly on your strangely
                  | shaped body. [potion of mutation]
 15194 | D:15     | Noticed a rakshasa
 15209 | D:15     | Killed a rakshasa
 15363 | D:15     | Found a staircase to the Depths.
 15729 | D:15     | HP: 3/85 [freezing wraith[an orange crystal statue] (8)]
 16525 | D:14     | Reached skill level 17 in Fighting
 16873 | D:14     | Noticed a vault guard
 16877 | D:14     | Noticed a vault guard
 17148 | Lair:1   | Entered Level 1 of the Lair of Beasts
 18331 | Lair:1   | Noticed Gastronok
 18346 | Lair:1   | Killed Gastronok
 18347 | Lair:1   | Reached XP level 14. HP: 55/92 MP: 13/15
 18526 | Lair:1   | Found a runed translucent door.
 18528 | Lair:1   | Noticed Lionuul's ghost (journeyman TrSh)
 19003 | Lair:1   | Killed Lionuul's ghost
 19011 | Lair:1   | Identified the +10 scale mail "Ipath" {Will+ Int+5}
 19455 | Lair:2   | Reached skill level 18 in Fighting
 20135 | Lair:2   | Found a staircase to the Swamp.
 20692 | Lair:3   | Found a dark tunnel.
 20751 | Volcano  | Entered a volcano
 20912 | Volcano  | Found a burning altar of Makhleb.
 21187 | Volcano  | Noticed a red draconian
 21203 | Volcano  | Killed a red draconian
 21696 | Lair:3   | Found a staircase to the Snake Pit.
 21953 | Lair:3   | Reached skill level 19 in Fighting
 21987 | Lair:3   | Lost mutation: Armour fits poorly on your strangely shaped
                  | body. [potion of mutation]
 21987 | Lair:3   | Gained mutation: Your health recovers twice as slowly from
                  | being drained. [potion of mutation]
 21987 | Lair:3   | Gained mutation: Your flesh is cold resistant. (rC+)
                  | [potion of mutation]
 21988 | Lair:3   | Lost mutation: Your flesh is cold resistant. (rC+) [potion
                  | of mutation]
 21988 | Lair:3   | Lost mutation: Your health recovers twice as slowly from
                  | being drained. [potion of mutation]
 21988 | Lair:3   | Gained mutation: You are frail. (-10% HP) [potion of
                  | mutation]
 21988 | Lair:3   | Gained mutation: Your body sometimes deteriorates upon
                  | taking damage. [potion of mutation]
 21988 | Lair:3   | Gained mutation: You are partially covered in large bone
                  | plates. (SH +4) [potion of mutation]
 22337 | Lair:3   | Reached ***** piety under Hepliaklqana
 23602 | Lair:4   | Found a staircase to the Slime Pits.
 23607 | Lair:4   | Found a viscous altar of Jiyva.
 23969 | Lair:5   | Entered Level 5 of the Lair of Beasts
 24004 | Lair:5   | Reached skill level 20 in Fighting
 24114 | Lair:5   | Noticed Sonja
 24126 | Lair:5   | Reached XP level 15. HP: 85/89 MP: 0/16
 24150 | Lair:5   | Found a large runed translucent door.
 24150 | Lair:5   | Found a large runed translucent door.
 24809 | Lair:5   | Reached skill level 21 in Fighting
 24948 | Lair:5   | Learned a level 7 spell: Summon Hydra
 26466 | Lair:5   | Identified the ring "Ontiunto" {Slay+4 SInv}
 26976 | Lair:5   | Killed Sonja
 27567 | Slime:1  | Entered Level 1 of the Pits of Slime
 27585 | Slime:1  | Noticed an acid blob
 27802 | Swamp:1  | Entered Level 1 of the Swamp
 27802 | Swamp:1  | Noticed a thorn hunter
 27812 | Lair:2   | Reached skill level 15 in Summonings
 27918 | Lair:2   | Killed from afar by a spriggan druid

Illustrated notes

Levels and vault maps discovered:
D:1:      minmay_arrival_diagonal_passages, layout_loops_ring,
          hangedman_abyss_or_decor_lesser_grid
D:2:      layout_basic, dreamdust_ecumenical_altar_grove, serial_shops,
          nicolae_shop_tiny_waterfront, minmay_stone_trees_small,
          nicolae_figureground_pulse, uniq_terence, uniq_sigmund, uniq_natasha
D:3:      layout_rooms, marbit_many_paths, hangedman_decor_peaks_small,
          minmay_checkerbox, uniq_ijyb, uniq_robin
D:4:      layout_basic, led_sif_book, mainiacjoe_overflow_cross_hatched,
          mainiacjoe_overflow_alcove_4
D:5:      layout_loops_ring, dancing_weapons_uskayaw, grunt_qazlal_sundering,
          minmay_temple_entry_hall
D:6:      layout_rooms, grunt_temple_overflow_champion_of_chaos,
          minmay_misc_feat_tiny, grunt_decor_junction
D:7:      layout_basic, nicolae_yredelemnul_corpse_copse, uniq_jeremiah,
          uniq_menkaure, uniq_maurice
D:8:      layout_cave_pools, dpeg_oklobed_lair
D:9:      layout_basic, nicolae_overflow_crystal_walls,
          mainiacjoe_overflow_concentric_impassable,
          mainiacjoe_overflow_catwalk_spiral, erik_orc_3, worms_lemuel
D:10:     layout_loops_ring, cheibriados_altar_1, overflow_temple_1_default,
          mainiacjoe_overflow_catwalk, minmay_misc_feat_roman
D:11:     nicolae_BIG_FREAKIN_CUBE, layout_small_grid, enter_trove_2,
          nicolae_twisting_strands, david_defended_altar_orc
D:12:     layout_long_grid
D:13:     dreamdust_cave_troll, layout_basic
D:14:     layout_stronghold, hellmonk_vaults_keyhole, st_stairs_1, zin_statuary
D:15:     grunt_enter_depths_magical_seal, layout_cross, solitary_fountain,
          minmay_more_statues
Temple:   hellmonk_temple_beads
Lair:1:   minmay_lair_venomous_thicket, layout_misc_corridors,
          ebering_ghost_reflecting_pool, uniq_gastronok
Lair:2:   layout_cave_pods, mainiacjoe_swamp_entry_lozenge_pond
Lair:3:   layout_chaotic_city, minmay_snake_entry_guardpost_small,
          enter_volcano_2
Lair:4:   layout_cave_pods, minmay_slime_entry_jelly_boxes,
          hangedman_lair_generics_rect
Lair:5:   cheibrodos_lair_end_hotspot, layout_regular_city,
          grunt_forest_small_clearings, uniq_sonja
Swamp:1:  layout_basic_swamp, serial_swamp_ruin, evilmike_swamp_ruin_house_4,
          evilmike_swamp_ruin_house_1
Slime:1:  nicolae_slime_jelly_donut, layout_caves, basic_altar

Skill      XL: |  1  2  3  4  5  6  7  8  9 10 11 12 13 14 15 |
---------------+----------------------------------------------+-----
Dodging        | 4 5 6 |  6.0
Fighting       | 4 5 6 7 9 12 15 17 20 21 | 21.0
Armour         | 1 2 3 4 |  4.0
Polearms       | 5 7 10 12 | 12.0
Summonings     | 1 4 7 10 12 13 15 | 15.0

Action                     |  1- 3 |  4- 6 |  7- 9 | 10-12 | 13-15 || total
---------------------------+-------+-------+-------+-------+-------++-------
  Melee: Spear             |    49 |   162 |   203 |   526 |  1044 ||  1984
         Kick              |    14 |    44 |    58 |   151 |   313 ||   580
         Peck              |    11 |    36 |    38 |    93 |   220 ||   398
         Dagger            |    19 |    51 |       |       |       ||    70
   Fire: Shortbow          |       |       |     6 |       |    20 ||    26
  Throw: Boomerang         |     3 |       |     6 |       |       ||     9
   Cast: Call Imp          |       |       |       |    28 |    67 ||    95
         Martyr's Knell    |       |       |       |       |    63 ||    63
         Summon Hydra      |       |       |       |       |     3 ||     3
 Invoke: Ancestor Life: Kn |       |       |       |     1 |       ||     1
         Idealise          |       |       |       |     3 |     3 ||     6
         Recall Ancestor   |       |       |       |       |     6 ||     6
    Use: Potion            |     1 |     1 |       |     4 |    12 ||    18
         Scroll            |       |       |       |    17 |    11 ||    28
   Stab: Distracted        |       |       |       |     4 |    16 ||    20
         Petrified         |       |       |       |       |     4 ||     4
 Armour: Robe              |    24 |    21 |       |       |       ||    45
         Plate armour      |       |   104 |   101 |   162 |   160 ||   527
         Scale mail        |       |       |       |       |   207 ||   207
         Leather armour    |       |       |       |       |    27 ||    27
  Dodge: Dodged            |    40 |    63 |    85 |   123 |   428 ||   739
         Repelled          |       |       |       |     1 |    31 ||    32
  Block: Other             |       |     5 |    25 |    34 |   148 ||   212
         Reflection        |       |       |     1 |     3 |    15 ||    19

Table legend: (Time is in decaauts)
 A = Elapsed time spent in this place.
 B = Non-inter-level travel time spent in this place.
 C = Inter-level travel time spent in this place.
 D = Time resting spent in this place.
 E = Time spent auto-exploring this place.
 F = Levels seen in this place.
 G = Mean time per level.
                   A        B        C        D        E       F      G
               +--------+--------+--------+--------+--------+-----+--------+
         Total |  27066 |  25983 |   1083 |   7435 |  13650 |  24 | 1127.8 |
       Dungeon |  17646 |  16952 |    694 |   4929 |   8769 |  15 | 1176.4 |
        Temple |    102 |    102 |      0 |    100 |      0 |   1 |  102.0 |
          Lair |   8797 |   8408 |    389 |   2172 |   4881 |   5 | 1759.4 |
         Swamp |      8 |      8 |      0 |      0 |      0 |   1 |    8.0 |
    Slime Pits |     14 |     14 |      0 |      0 |      0 |   1 |   14.0 |
       Volcano |    497 |    497 |      0 |    233 |      0 |   1 |  497.0 |
               +--------+--------+--------+--------+--------+-----+--------+

Top non-repeatable levels by time:
  Lair:5: 2823 daAuts
    D:14: 2809 daAuts
  Lair:4: 2017 daAuts
  Lair:2: 1765 daAuts
     D:8: 1605 daAuts
    D:13: 1599 daAuts
     D:9: 1489 daAuts
     D:2: 1344 daAuts
  Lair:3: 1246 daAuts
    D:15: 1161 daAuts
    D:12: 994 daAuts
    D:10: 967 daAuts
  Lair:1: 944 daAuts
     D:1: 903 daAuts
    D:11: 898 daAuts
